 Dungeon Crawl Stone Soup version 0.30-a0-847-g17996783a1 (webtiles) character file.

Game seed: 8948311264878690454

1934 Pimp the Covered (level 8, -3/74 HPs)
             Began as an Armataur Fighter on Mar 3, 2023.
             Was a Priest of Okawaru.
             Slain by a boulder beetle (20 damage)
             ... on level 6 of the Dungeon.
             The game lasted 00:12:58 (6386 turns).

Pimp the Covered (Armataur Fighter)                 Turns: 6386, Time: 00:12:58

Health: -3/74      AC: 12    Str: 24    XL:     8   Next: 97%
Magic:  8/8        EV:  5    Int:  9    God:    Okawaru [***...]
Gold:   359        SH:  5    Dex:  9    Spells: 7/7 levels left

rFire   . . .      SeeInvis .    a - +0 war axe
rCold   . . .      Faith    .    c - +0 buckler
rNeg    . . .      Spirit   .    s - +0 plate armour
rPois   .          Reflect  .    g - +0 helmet
rElec   .          Roll     +    (no cloak)
rCorr   .                        (no gloves)
Will    .....                    (no barding) Stlth
                                 (no amulet)
HPRegen 0.32/turn                (no ring)
MPRegen 0.11/turn                (no ring)

@: about to teleport
A: large, rugged brown scales 3, deformed body, armoured tail, roll, long
tongue, awkward tongue
a: Renounce Religion, Heroism


You were on level 6 of the Dungeon.
You worshipped Okawaru.
Okawaru was most pleased with you.
You visited 2 branches of the dungeon, and saw 7 of its levels.

You collected 359 gold pieces.

Inventory:

Hand Weapons
 a - a +0 war axe (weapon)
Missiles
 o - 2 throwing nets (quivered)
Armour
 b - a +0 scale mail
 c - a +0 buckler (worn)
 g - a +0 helmet (worn)
 s - a +0 plate armour (worn)
Jewellery
 d - a ring of magical power
 v - an amulet of magic regeneration
 w - a ring of wizardry
 B - a ring of protection from fire
Scrolls
 e - 3 scrolls of identify
 h - a scroll of noise
 i - 4 scrolls of teleportation
 l - 2 scrolls of fear
 n - 2 scrolls of fog
 q - a scroll of amnesia
 t - 3 scrolls of magic mapping
 u - a scroll of brand weapon
 x - a scroll of acquirement
 y - a scroll of immolation
 A - a scroll of poison {unknown}
Potions
 f - 3 potions of flight
 j - 2 potions of brilliance
 z - a potion of lignification {unknown}


   Skills:
 + Level 5.9 Fighting
 + Level 5.0 Axes
 + Level 7.9 Armour
 + Level 7.2 Shields


You had 7 spell levels left.
You didn't know any spells.
Your spell library contained the following spells:

 Spells                   Type           Power      Damage    Failure   Level
 Ensorcelled Hibernation  Hex/Ice        0%         N/A       100%        2
 Passwall                 Tmut/Erth      0%         N/A       100%        2
 Swiftness                Air            0%         N/A       100%        3


Dungeon Overview and Level Annotations

Branches:
Dungeon (6/15)             Temple (1/1) D:4

Altars:
Ashenzari
Cheibriados
Dithmenos
Elyvilon
Gozag
Hepliaklqana
Kikubaaqudgha
Makhleb
Nemelex Xobeh
Okawaru
Qazlal
Sif Muna
Trog
Uskayaw
Wu Jian
Zin
The Shining One

Shops:
D:4 [


Innate Abilities, Weirdness & Mutations

You are completely covered in rugged brown scales. (AC +3, +7% HP)
Armour fits poorly on your strangely shaped body.
You have a long armoured tail.
You roll when moving toward enemies. (Rampage)
Your long tongue fully drains potion bottles. (2x potion effects)
Your tongue gives you trouble enunciating. (1.5x scroll delay)


Message History

A boulder beetle is nearby!
You see here a +0 hand axe.
There is an open door here.
The boulder beetle curls into a ball and begins rolling!
The boulder beetle hits you.
The boulder beetle stops rolling and uncurls.
You barely miss the boulder beetle.
The boulder beetle waves its antennae.
The boulder beetle bites you but does no damage.
You hit the boulder beetle but do no damage.
Your tail-slap misses the boulder beetle.
The boulder beetle barely misses you.
You hit the boulder beetle but do no damage.
You tail-slap the boulder beetle, but do no damage.
The boulder beetle barely misses you.
The boulder beetle completely misses you.
You hit the boulder beetle but do no damage.
The boulder beetle bites you but does no damage.
You hit the boulder beetle but do no damage.
You tail-slap the boulder beetle, but do no damage.
You block the boulder beetle's attack.
You hit the boulder beetle but do no damage.
The boulder beetle barely misses you.
You hit the boulder beetle but do no damage.
The boulder beetle bites you but does no damage.
The boulder beetle bites you!!
You hit the boulder beetle but do no damage.
The boulder beetle bites you!
You slash the boulder beetle!
You tail-slap the boulder beetle, but do no damage.
The boulder beetle is lightly wounded.
You block the boulder beetle's attack.
You slash the boulder beetle!
The boulder beetle is moderately wounded.
The boulder beetle bites you!
* * * LOW HITPOINT WARNING * * *
You block the boulder beetle's attack.
As you slowly read the scroll of teleportation, it crumbles to dust.
You feel strangely unstable. The boulder beetle bites you!!
You die...

##.#####.#...# #.# #.. #.#
##.###..############ #.# ##. #.#
#.## ##.)..........########. #.#
##.###)..###########.....### #.#
##.#)#..# ##.........# #.#
##.##..# #........... #.# #)##..#
##........... ##.###
#.##..#######...#....†≈.. .....#
#.##....@B..#..)#...$.≈".
.....####.#########.'.#####...≈..
..........# ###..)#...).≈?.
.....###### #...#)....≈.. .....#
##........... ...### #...........
#### ##.........# ###.....###
#######


You could see a boulder beetle.

Vanquished Creatures
  Grinder (D:5)
  Edmund (D:5)
  An ice beast (D:5)
  A sky beast (D:6)
  A black bear (D:6)
  3 ogres
  A phantom (D:5)
  2 kobold brigands (D:6)
  2 scorpions (D:5)
  3 wights (D:6)
  A howler monkey (D:6)
  A hound (D:5)
  2 orc priests (D:6)
  A gnoll bouda (D:6)
  A jelly (D:6)
  5 iguanas
  A sleepcap (D:6)
  3 orc wizards
  5 adders
  A shadow imp (D:6)
  2 white imps
  2 ufetubi
  2 worms (D:2)
  5 dart slugs
  16 orcs
  9 endoplasms
  6 giant cockroaches
  9 goblins
  4 hobgoblins
  8 jackals (D:1)
  6 quokkas
  9 ball pythons
  8 bats
  A frilled lizard (D:1)
  18 kobolds
  12 rats
154 creatures vanquished.

Vanquished Creatures (others)
  9 plants
9 creatures vanquished.

Grand Total: 163 creatures vanquished

Notes
Turn   | Place    | Note
-------+----------+-------------------------------------------
     0 | D:1      | Pimp the Armataur Fighter began the quest for the Orb.
     0 | D:1      | Reached XP level 1. HP: 19/19 MP: 1/1
   164 | D:1      | Reached XP level 2. HP: 24/26 MP: 2/2
   406 | D:1      | Reached XP level 3. HP: 29/33 MP: 3/3
  1148 | D:2      | Reached XP level 4. HP: 28/40 MP: 4/4
  1838 | D:3      | Reached XP level 5. HP: 48/48 MP: 5/5
  2276 | D:4      | Found Zuorcheng's Armour Shop.
  2519 | D:4      | Reached skill level 5 in Armour
  2819 | D:4      | Found a staircase to the Ecumenical Temple.
  2837 | Temple   | Entered the Ecumenical Temple
  2989 | Temple   | Became a worshipper of Warmaster Okawaru
  3326 | D:5      | Entered Level 5 of the Dungeon
  3364 | D:5      | Reached XP level 6. HP: 55/55 MP: 6/6
  3438 | D:5      | Reached * piety under Okawaru
  3546 | D:5      | Reached skill level 5 in Shields
  3659 | D:5      | Reached XP level 7. HP: 6/64 MP: 7/7
  3772 | D:5      | Noticed Edmund
  3782 | D:5      | Killed Edmund
  3992 | D:5      | Found a glowing drain.
  4021 | D:5      | Noticed Grinder
  4273 | D:5      | Reached ** piety under Okawaru
  4331 | D:5      | Paralysed by Grinder for 5 turns
  4340 | D:5      | Paralysed by Grinder for 3 turns
  4343 | D:5      | Killed Grinder
  4577 | D:5      | Reached skill level 5 in Fighting
  4577 | D:5      | Reached XP level 8. HP: 34/72 MP: 8/8
  5254 | D:6      | Noticed a boulder beetle
  5474 | D:6      | Identified a scroll of acquirement
  5939 | D:6      | Reached *** piety under Okawaru
  6252 | D:6      | Reached skill level 5 in Axes
  6386 | D:6      | Slain by a boulder beetle

Illustrated notes

Levels and vault maps discovered:
D:1:      dpeg_arrival_round_a, layout_basic, minmay_split_cup_large
D:2:      minmay_skewed_foursquare, layout_basic, grunt_ministairs_15,
          minmay_rat_gold_closets
D:3:      layout_basic, small_statue_intersection, reono_crystal_passage
D:4:      layout_rooms, minmay_temple_entry_stoned_glass, serial_shops, shop,
          chequers_big_river
D:5:      layout_basic, gup_sewer_entry_pipe, serial_bayou_crossing,
          uniq_grinder, uniq_edmund
D:6:      layout_loops_ring, st_stairs_2, grunt_potential
Temple:   nicolae_temple_slightly_damp_pantheon

Skill      XL: |  1  2  3  4  5  6  7  8 |
---------------+-------------------------+-----
Armour         | 4 5 6 7 |  7.9
Fighting       | 3 4 5 |  5.9
Axes           | 2 3 4 5 |  5.0
Shields        | 4 5 6 7 |  7.2

Action                     |  1- 3 |  4- 6 |  7- 9 || total
---------------------------+-------+-------+-------++-------
  Melee: War axe           |   139 |   146 |   209 ||   494
         Tailslap          |    13 |    14 |    31 ||    58
    Use: Potion            |       |     3 |     8 ||    11
         Scroll            |       |       |    15 ||    15
 Armour: Scale mail        |   118 |    47 |       ||   165
         Plate armour      |       |    67 |   114 ||   181
  Dodge: Dodged            |    55 |    37 |    41 ||   133
  Block: Buckler           |    35 |    48 |    37 ||   120

Table legend: (Time is in decaauts)
 A = Elapsed time spent in this place.
 B = Non-inter-level travel time spent in this place.
 C = Inter-level travel time spent in this place.
 D = Time resting spent in this place.
 E = Time spent auto-exploring this place.
 F = Levels seen in this place.
 G = Mean time per level.
                   A        B        C        D        E       F      G
               +--------+--------+--------+--------+--------+-----+--------+
         Total |   6554 |   6193 |    361 |   1342 |   3597 |   7 |  936.3 |
       Dungeon |   6388 |   6047 |    341 |   1342 |   3472 |   6 | 1064.7 |
        Temple |    166 |    146 |     20 |      0 |    125 |   1 |  166.0 |
               +--------+--------+--------+--------+--------+-----+--------+

Top non-repeatable levels by time:
     D:5: 1675 daAuts
     D:6: 1456 daAuts
     D:4: 898 daAuts
     D:1: 842 daAuts
     D:2: 824 daAuts
     D:3: 690 daAuts
  Temple: 166 daAuts
